 Dungeon Crawl Stone Soup version 0.30-a0-218-gedb9141078 (webtiles) character file.

Game seed: 4462469132224699906

30317 ryw the Brawler (level 13, -7/130 HPs)
             Began as a Troll Berserker on Oct 5, 2022.
             Was the Champion of Trog.
             Mangled by a meliai
             ... wielding a +0 hand axe
              (8 damage)
             ... on level 3 of the Lair of Beasts.
             The game lasted 00:29:14 (12670 turns).

ryw the Brawler (Troll Berserker)                  Turns: 12670, Time: 00:29:15

Health: -7/130     AC: 10    Str: 32    XL:     13   Next: 19%
Magic:  13/13      EV: 16    Int:  9    God:    Trog [******]
Gold:   866        SH:  0    Dex:  9    Spells: 12/12 levels left

rFire   . . .      SeeInvis .      - Unarmed
rCold   + . .      Faith    .    (no shield)
rNeg    . . .      Spirit   .    a - +2 robe {rC+}
rPois   .          Reflect  .    n - +2 hat
rElec   .          Harm     .    m - +1 cloak
rCorr   .          Rampage  .    (gloves unavailable)
Will    .....                    (boots unavailable)
Stlth   +.........               (no amulet)
HPRegen 1.21/turn                b - +6 ring of intelligence
MPRegen 0.13/turn                u - +4 ring of evasion

@: no status effects
A: large, unfitting armour, claws 3, regeneration 1, shaggy fur 1, tough skin 1
a: Renounce Religion, Berserk, Trog's Hand, Brothers in Arms


You were on level 3 of the Lair of Beasts.
You worshipped Trog.
Trog was exalted by your worship.
You visited 2 branches of the dungeon, and saw 15 of its levels.
You also visited: Sewer and Ossuary.

You collected 915 gold pieces.
You spent 49 gold pieces at shops.

Inventory:

Hand Weapons
 H - the +8 frozen axe "Frostbite" {freezing cloud, *Noise Fly rC+}
   (Trog gifted it to you on level 7 of the Dungeon)

   It freezes those it strikes, dealing additional cold damage.
   It can also slow down cold-blooded creatures.
   It occasionally leaves clouds of freezing vapour upon striking a foe.
   It grants immunity to clouds of freezing vapour.
   rC:        It protects you from cold.
   Fly:       It grants you flight.
   *Noise:    It may make noises in combat.
 N - the +10 battleaxe of Xodd {flame, Dex+2}
   (Trog gifted it to you on level 9 of the Dungeon)

   It burns those it strikes, dealing additional fire damage.
   Big, fiery blades are also staple armaments of hydra-hunters.
   Dex:       It affects your dexterity (+2).
Missiles
 d - 30 poisoned darts (quivered)
 U - 4 large rocks
Armour
 a - a +2 robe of cold resistance (worn)
 m - a +1 cloak (worn)
 n - a +2 hat (worn)
 q - an orb of guile
 M - +0 steam dragon scales
 P - a +0 troll leather armour
Jewellery
 b - a +6 ring of intelligence (left claw)
 u - a +4 ring of evasion (right claw)
 I - a ring of willpower
Wands
 f - a wand of quicksilver (6)
 l - a wand of flame (49)
 w - a wand of roots (22)
 y - a wand of polymorph (10)
 D - a wand of digging (4)
Scrolls
 g - a scroll of butterflies {unknown}
 i - 4 scrolls of teleportation
 j - 6 scrolls of poison {unknown}
 p - 2 scrolls of blinking
 s - a scroll of immolation
 C - 2 scrolls of magic mapping {unknown}
 G - 2 scrolls of enchant armour
 J - a scroll of vulnerability {unknown}
 K - 2 scrolls of enchant weapon
 L - a scroll of acquirement {unknown}
 R - a scroll of silence {unknown}
 S - 2 scrolls of fear
 T - 2 scrolls of identify
 V - a scroll of brand weapon
Potions
 c - 5 potions of flight
 e - 3 potions of might
 h - 5 potions of attraction
 k - 3 potions of cancellation
 o - a potion of haste
 r - 7 potions of mutation
 t - 4 potions of heal wounds
 v - 2 potions of resistance
 x - 2 potions of invisibility
 z - 2 potions of magic
 A - 4 potions of brilliance
 B - 2 potions of degeneration
 E - a potion of ambrosia {unknown}
 F - 5 potions of curing
 O - a potion of lignification {unknown}
 Q - a potion of berserk rage {unknown}


   Skills:
 + Level 8.8 Fighting
 - Level 3.2 Axes
 + Level 4.2 Throwing
 + Level 8.9 Dodging
 * Level 16.5 Unarmed Combat
 - Level 2.0 Invocations


You had 12 spell levels left.
You didn't know any spells.
Your spell library contained the following spells:

 Spells                   Type           Power      Damage    Failure   Level
 Beastly Appendage        Tmut           0%         N/A       38%         1
 Wereblood                Tmut           0%         N/A       52%         2
 Spider Form              Tmut/Pois      0%         N/A       77%         3


Dungeon Overview and Level Annotations

Branches:
Dungeon (12/15)            Temple (0/1) D:4            Lair (3/5) D:11
 Spider (0/4) Lair:3        Sewer (visited)         Ossuary (visited)
  Swamp: Lair:2-3    Shoals: Lair:2-3       Orc: D:9-12

Altars:
Ashenzari
Cheibriados
Fedhas
Kikubaaqudgha
Nemelex Xobeh
Okawaru
Ru
Vehumet
Wu Jian
Yredelemnul
Zin

Shops:
D:2 **[   D:6 [   D:8 *   D:10 *


Innate Abilities, Weirdness & Mutations

You are too large for most types of armour.
You have claws for hands.
Your natural rate of healing is unusually fast.
You are covered in fur. (AC +1)
You have tough skin. (AC +1)


Message History

You feel very sick. The meliai hits you with a +0 hand axe!
* * * LOW HITPOINT WARNING * * *
The meliai stings you but does no damage.
Unknown command.
You closely miss the meliai.
You feel sick. The meliai hits you with a +0 hand axe.
* * * LOW HITPOINT WARNING * * *
The meliai misses you. The meliai barely misses you.
The meliai closely misses you.
Unknown command.
You feel better. The meliai completely misses you.
The meliai stings you but does no damage.
The queen bee calls on the meliai to defend it!
The meliai goes berserk!
The meliai completely misses you. The meliai stings you!
* * * LOW HITPOINT WARNING * * *
You closely miss the meliai. The meliai closely misses you.
The meliai stings you but does no damage.
The meliai misses you. The meliai closely misses you.
You claw the meliai!
The meliai is moderately wounded.
The meliai completely misses you.
The meliai stings you but does no damage.
The meliai barely misses you. The meliai misses you.
You barely miss the meliai.
The meliai is moderately wounded.
The meliai closely misses you. x2
The meliai hits you with a +0 hand axe!!
* * * LOW HITPOINT WARNING * * *
The meliai closely misses you.
Unknown command.
You barely miss the meliai.
The meliai is moderately wounded.
The meliai completely misses you. The meliai stings you.
* * * LOW HITPOINT WARNING * * *
The meliai hits you with a +0 hand axe!!
* * * LOW HITPOINT WARNING * * *
The meliai stings you!
You die...

$y.. #.....# #..#.. #.†
...###.....###....
###..
..#.#.....#.#....##.#).
##....#.#.....# ##..†)#
#.....###.....# #..)..#
#..#..# #.....# #..†..#
#...yY###.....###††...#
##.yYy#.#.....#.#....##
##y##@...#.##.††##.###
###....)###.....#####
#.....# #..(..# ##.
#.....###.....###..
##....#.##...###...
##.#....##.####...
###.....#####....
#.....# ##.....
#.....###......


You could see 2 elephants, a queen bee, a meliai (berserk) and a killer bee.

Vanquished Creatures
  Rupert (Lair:3)
  A hydra (D:8)
  2 boulder beetles
  A centaur warrior (D:8)
  2 two-headed ogres
  An elephant (Lair:3)
  14 cane toads
  2 black mambas
  Maggie (D:9)
  5 komodo dragons
  A polar bear (Lair:3)
  A hornet (D:8)
  2 meliai (Lair:3)
  A troll (D:11)
  4 blink frogs (Lair:3)
  Sigmund (D:5)
  A jumping spider (Lair:3)
  2 wraiths
  6 wyverns
  2 steam dragons (D:7)
  2 vampires
  29 yaks
  4 vampire mosquitoes
  2 basilisks (Lair:3)
  3 acid dragons
  5 water moccasins
  3 ice beasts
  7 orc warriors
  2 sky beasts (D:7)
  5 black bears
  A hornet zombie (D:8)
  10 centaurs
  An ogre (D:5)
  9 wolves (Lair:1)
  3 kobold brigands
  14 bullfrogs
  3 necrophages (D:8)
  A wyvern zombie (D:8)
  A scorpion (D:11)
  A gnoll sergeant (D:4)
  8 wights
  23 killer bees
  A vampire bat (D:4)
  9 howler monkeys
  3 centaur zombies (D:8)
  8 jellies
  2 hounds
  12 orc priests
  Natasha (thrice) (D:4)
  3 iguanas
  12 orc wizards
  A mummy (Ossuary)
  Robin (D:3)
  14 adders
  11 gnolls
  3 river rats
  4 shadow imps
  A white imp (D:7)
  A worm (D:1)
  A dart slug (D:1)
  56 orcs
  2 spectral bats (Ossuary)
  2 bats
  A bat skeleton (D:4)
  4 bat zombies (D:4)
  14 endoplasms
  5 giant cockroaches
  12 gnoll zombies (Ossuary)
  5 hobgoblins
  7 jackals (D:1)
  2 quokkas
  20 ball pythons
  4 bat simulacra (Ossuary)
  5 frilled lizards
  14 goblins
  3 goblin simulacra (Ossuary)
  6 goblin zombies
  3 hobgoblin zombies (Ossuary)
  18 kobolds
  3 kobold simulacra (Ossuary)
  6 kobold zombies (Ossuary)
  5 orc zombies (Ossuary)
  10 rats
  4 rat simulacra (Ossuary)
  4 spectral goblins (Ossuary)
  2 spectral kobolds (Ossuary)
  2 spectral rats (Ossuary)
497 creatures vanquished.

Vanquished Creatures (collateral kills)
  3 meliai (Lair:3)
  A wyvern (Lair:3)
  A steam dragon (Lair:3)
  A wolf (Lair:3)
  5 killer bees (Lair:3)
11 creatures vanquished.

Vanquished Creatures (others)
  3 bushes
  45 fungi
  57 plants
105 creatures vanquished.

Grand Total: 613 creatures vanquished

Notes
Turn   | Place    | Note
-------+----------+-------------------------------------------
     0 | D:1      | ryw the Troll Berserker began the quest for the Orb.
     0 | D:1      | Reached XP level 1. HP: 22/22 MP: 0/0
   170 | D:1      | Found a faded altar of an unknown god.
   186 | D:1      | Reached XP level 2. HP: 28/29 MP: 1/1
   328 | D:1      | Reached skill level 4 in Unarmed Combat
   380 | D:1      | Reached ** piety under Trog
   660 | D:2      | Reached XP level 3. HP: 25/36 MP: 2/2
   846 | D:2      | Reached skill level 1 in Invocations
   846 | D:2      | Reached XP level 4. HP: 42/44 MP: 3/3
   931 | D:2      | Found Kuybriash's Armour Boutique.
   953 | D:2      | Bought a +0 cloak for 49 gold pieces
   989 | D:2      | Found Xoad Upn's General Store.
  1317 | D:2      | Found Xushriu's Assorted Antiques.
  1326 | D:2      | Reached skill level 5 in Unarmed Combat
  1593 | D:3      | Reached XP level 5. HP: 50/50 MP: 5/5
  1605 | D:3      | Noticed Robin
  1612 | D:3      | Killed Robin
  1612 | D:3      | Reached *** piety under Trog
  1679 | D:3      | Found an iron altar of Okawaru.
  1778 | D:3      | Found a glowing drain.
  1792 | Sewer    | Entered a sewer
  1893 | Sewer    | Found a viscous altar of Jiyva.
  1898 | Sewer    | Reached skill level 6 in Unarmed Combat
  1923 | Sewer    | Reached XP level 6. HP: 59/59 MP: 6/6
  2160 | D:3      | Found a radiant altar of Vehumet.
  2160 | D:3      | Found a sacrificial altar of Ru.
  2168 | D:3      | Found a broken altar of Ashenzari.
  2170 | D:3      | Found a snail-covered altar of Cheibriados.
  2562 | D:4      | Reached skill level 7 in Unarmed Combat
  2579 | D:4      | Reached **** piety under Trog
  2611 | D:4      | Reached XP level 7. HP: 66/66 MP: 7/7
  2976 | D:4      | Found an ancient bone altar of Kikubaaqudgha.
  2980 | D:4      | Reached skill level 8 in Unarmed Combat
  3186 | D:4      | Found a staircase to the Ecumenical Temple.
  3271 | D:4      | Noticed Natasha
  3275 | D:4      | Killed Natasha
  3334 | D:4      | Noticed Natasha
  3338 | D:4      | Killed Natasha
  3431 | D:4      | Noticed Natasha
  3438 | D:4      | Killed Natasha
  3465 | D:5      | Entered Level 5 of the Dungeon
  3525 | D:4      | Reached skill level 9 in Unarmed Combat
  3659 | D:5      | Reached XP level 8. HP: 68/74 MP: 8/8
  3753 | D:5      | Noticed Sigmund
  3759 | D:5      | Killed Sigmund
  3759 | D:5      | Reached ***** piety under Trog
  3837 | D:5      | Found a basalt altar of Yredelemnul.
  3934 | D:5      | Reached skill level 10 in Unarmed Combat
  4188 | D:6      | Found an ornate altar of the Wu Jian Council.
  4279 | D:6      | Noticed a boulder beetle
  4356 | D:6      | Reached XP level 9. HP: 84/84 MP: 9/9
  4433 | D:6      | Killed a boulder beetle
  4434 | D:6      | Reached skill level 11 in Unarmed Combat
  4471 | D:6      | Found Gijadd's Armour Boutique.
  4622 | D:6      | Found a sparkling altar of Nemelex Xobeh.
  5184 | D:7      | Received a gift from Trog
  5184 | D:7      | Found the +8 frozen axe "Frostbite" {freezing cloud, *Noise
                  | Fly rC+}
  5188 | D:7      | Reached skill level 5 in Dodging
  5195 | D:7      | Reached skill level 5 in Fighting
  5295 | D:7      | Reached skill level 1 in Axes
  5396 | D:7      | Found a sand-covered staircase.
  5403 | Ossuary  | Entered an ossuary
  5586 | Ossuary  | Reached XP level 10. HP: 88/96 MP: 10/10
  5681 | Ossuary  | Received a gift from Trog
  6114 | D:7      | Reached skill level 12 in Unarmed Combat
  6742 | D:8      | Found Utruibb's Assorted Antiques.
  6810 | D:8      | Found a blossoming altar of Fedhas.
  7096 | D:8      | Noticed a centaur warrior
  7107 | D:8      | Killed a centaur warrior
  7390 | D:8      | Noticed a four-headed hydra
  7402 | D:8      | Killed a four-headed hydra
  7403 | D:8      | Reached skill level 13 in Unarmed Combat
  7920 | D:8      | Reached XP level 11. HP: 81/105 MP: 11/11
  7987 | D:9      | Noticed Maggie
  7995 | D:9      | Killed Maggie
  7997 | D:9      | Reached ****** piety under Trog
  8108 | D:9      | Identified the +10 battleaxe of Xodd {flame, Dex+2} (Trog
                  | gifted it to you on level 9 of the Dungeon)
  8108 | D:9      | Received a gift from Trog
  8515 | D:10     | Entered Level 10 of the Dungeon
  8561 | D:10     | Found Zin's Purification Station.
  8561 | D:10     | Found a glowing silver altar of Zin.
  8576 | D:10     | Noticed a two-headed ogre
  8722 | D:9      | Killed a two-headed ogre
  8723 | D:9      | Reached skill level 14 in Unarmed Combat
  8959 | D:10     | Identified the +3 scale mail of Arcadian Contentment {rF+
                  | Str+3 Int+6}
  9615 | D:11     | Noticed a boulder beetle
  9638 | D:11     | Killed a boulder beetle
  9711 | D:11     | Found a staircase to the Lair.
  9792 | D:11     | Noticed a two-headed ogre
  9800 | D:11     | Killed a two-headed ogre
 10203 | Lair:1   | Entered Level 1 of the Lair of Beasts
 10374 | Lair:1   | Reached skill level 15 in Unarmed Combat
 10374 | Lair:1   | Reached XP level 12. HP: 105/118 MP: 12/12
 10508 | Lair:1   | Received a gift from Trog
 10826 | Lair:1   | Reached skill level 1 in Throwing
 11591 | Lair:2   | Reached skill level 16 in Unarmed Combat
 12311 | Lair:3   | Found a hole to the Spider Nest.
 12429 | Lair:3   | Noticed Rupert
 12445 | Lair:3   | Killed Rupert
 12446 | Lair:3   | Reached XP level 13. HP: 128/128 MP: 0/13
 12553 | Lair:3   | Received a gift from Trog
 12670 | Lair:3   | HP: 1/130 [meliai/+0 hand axe (19)]
 12670 | Lair:3   | Mangled by a meliai

Illustrated notes

Levels and vault maps discovered:
D:1:      heliophobic_arrival_henge, layout_loops_ring,
          hellmonk_ecumenical_altar_run_dry, st_stairs_3,
          dreamdust_mushroom_princess, amcnicky_mini_corridor_feature
D:2:      layout_rooms, serial_shops, nicolae_lakefront_shop, shop,
          nicolae_shop_hallway_stairs, minmay_misc_feat_alley,
          palyth_stone_intersect, minmay_snake_closets
D:3:      layout_loops_ring, nicolae_overflow_quartered_altars,
          mainiacjoe_overflow_alcove_4, portal_sewer_entry_d,
          minmay_misc_feat_four_crosses, minmay_crystal_water,
          minmay_misc_feat_roman, minmay_pentomino_pile, uniq_robin
D:4:      layout_loops_ring, kennysheep_vampire_church,
          minmay_temple_entry_hall, uniq_natasha
D:5:      layout_cave_pools, nicolae_overflow_hidden_temple,
          hangedman_decor_lopped, sigmund_army
D:6:      layout_basic, nemelex_altar_shiori, mainiacjoe_overflow_24_doors,
          serial_shops, shop, grunt_potential
D:7:      layout_cave_pods, enter_ossuary_4, corexii_hall_statues_l,
          kennysheep_nub
D:8:      layout_basic, fedhas_altar_decomposition, serial_shops,
          nicolae_shop_hallway_stairs, kb_rosetta
D:9:      layout_rooms, grunt_ministairs_10, uniq_maggie
D:10:     layout_stronghold, zin_purify
D:11:     layout_cave_pools, due_lair_maze_entry_diamond
D:12:     layout_layer_cave, minmay_orc_entry_temple_small, special_room
          [special_room_orc], cheibriados_altar_1, uniq_maurice, uniq_fannar
Lair:1:   layout_loops_ring, beast_lair_carwin_10
Lair:2:   layout_long_grid
Lair:3:   regret_index_combs_of_tragedy, layout_regular_city,
          shoals_dummy_entry, nicolae_spider_entry_tight_spaces,
          serial_bayou_shore_a, uniq_rupert, uniq_kirke

Skill      XL: |  1  2  3  4  5  6  7  8  9 10 11 12 13 |
---------------+----------------------------------------+-----
Unarmed Combat | 4 5 6 7 9 10 11 13 15 16 | 16.5
Invocations    | 1 2 |  2.0
Fighting       | 3 5 6 7 8 |  8.8
Dodging        | 3 5 6 7 8 |  8.9
Axes           | 2 3 |  3.2
Throwing       | 3 4 |  4.2

Action                   |  1- 3 |  4- 6 |  7- 9 | 10-12 | 13-15 || total
-------------------------+-------+-------+-------+-------+-------++-------
Melee: Unarmed           |    73 |   196 |   330 |   684 |    64 ||  1347
       Punch             |     3 |     4 |    10 |    37 |     7 ||    61
Throw: Dart              |       |       |       |     4 |       ||     4
Invok: Berserk           |       |     1 |       |     2 |       ||     3
       Brothers in Arms  |       |       |       |     1 |       ||     1
Evoke: Wand              |       |       |       |     7 |       ||     7
  Use: Scroll            |       |    17 |     2 |     6 |       ||    25
       Potion            |       |       |       |     3 |     1 ||     4
 Stab: Distracted        |       |       |     1 |     1 |       ||     2
Armor: Animal skin       |    16 |    43 |    85 |    41 |       ||   185
       Robe              |       |       |       |   221 |    23 ||   244
Dodge: Dodged            |    40 |    86 |   214 |   554 |    75 ||   969

Table legend: (Time is in decaauts)
 A = Elapsed time spent in this place.
 B = Non-inter-level travel time spent in this place.
 C = Inter-level travel time spent in this place.
 D = Time resting spent in this place.
 E = Time spent auto-exploring this place.
 F = Levels seen in this place.
 G = Mean time per level.
                   A        B        C        D        E       F      G
               +--------+--------+--------+--------+--------+-----+--------+
         Total |  12456 |  11948 |    508 |    784 |   8354 |  17 |  732.7 |
       Dungeon |   9482 |   8999 |    483 |    583 |   6403 |  12 |  790.2 |
          Lair |   2389 |   2365 |     24 |    201 |   1661 |   3 |  796.3 |
         Sewer |    235 |    235 |      0 |      0 |    131 |   1 |  235.0 |
       Ossuary |    348 |    348 |      0 |      0 |    159 |   1 |  348.0 |
               +--------+--------+--------+--------+--------+-----+--------+

Top non-repeatable levels by time:
     D:8: 1282 daAuts
     D:6: 1071 daAuts
     D:4: 1021 daAuts
  Lair:1: 995 daAuts
     D:7: 984 daAuts
  Lair:2: 941 daAuts
     D:3: 910 daAuts
    D:10: 896 daAuts
     D:9: 722 daAuts
     D:2: 694 daAuts
     D:1: 670 daAuts
     D:5: 628 daAuts
    D:11: 599 daAuts
  Lair:3: 452 daAuts
 Ossuary: 348 daAuts
